 Dungeon Crawl Stone Soup version bcrawl-1.17.3 (webtiles) character file.

Game seed: 15408007111276334171

37 Freyura the Twirler (level 3, -2/28 HPs)
             Began as a Demonspawn Gladiator on Oct 26, 2019.
             Killed from afar by Terence (7 damage)
             ... with a wand of flame (8)
             ... on level 2 of the Dungeon.
             The game lasted 00:03:08 (999 turns).

Freyura the Twirler (Demonspawn Gladiator)           Turns: 999, Time: 00:03:08

Health: -2/28      AC:  5    Str: 14    XL:     3   Next: 23%
Magic:  0/3        EV: 13    Int:  9    God:
Gold:   124        SH:  0    Dex: 15    Spells: 2/2 levels left

rFire    . . .     SeeInvis .   a - +0 quarterstaff
rCold    . . .     Gourm    .   (shield currently unavailable)
rNeg     . . .     Faith    .   b - +0 leather armour
rPois    .         Spirit   +   c - +0 helmet
rElec    .         Reflect  .   (no cloak)
rCorr    .         Harm     .   h - +0 pair of gloves
MR       .....                  (no boots)
Stlth    +.........             j - amulet of guardian spirit
HPRegen  0.09/turn              (no ring)
MPRegen  0.08/turn              (no ring)

@: no status effects
A: talons 1
a: no special abilities


You were on level 2 of the Dungeon.
You were not hungry.

You visited 1 branch of the dungeon, and saw 2 of its levels.

You collected 124 gold pieces.

Inventory:

Hand Weapons
 a - a +0 quarterstaff (weapon)
Missiles
 d - 3 throwing nets (quivered) {!f}
Armour
 b - a +0 leather armour (worn)
 c - a +0 helmet (worn)
 h - a +0 pair of gloves (worn)
Jewellery
 j - an amulet of guardian spirit (around neck)
Scrolls
 e - 4 scrolls of fear {unknown}
 g - 3 scrolls of identify {unknown}
 i - a scroll of remove curse {unknown}
 m - a scroll of enchant weapon {unknown}
 n - a scroll of enchant armour {unknown}
Potions
 k - a potion of haste {unknown}
 l - 2 potions of curing {unknown}
 o - a potion of degeneration {unknown}
Comestibles
 f - 6 rations {!d}


   Skills:
 + Level 2.3 Fighting
 * Level 3.2 Staves
 - Level 1.7 Throwing
 + Level 1.0 Armour
 + Level 3.0 Dodging


You had 2 spell levels left.
You didn't know any spells.
Your spell library was empty.

Dungeon Overview and Level Annotations

Branches:
Dungeon (2/12)

Altars:

Annotations:
D:2 Terence


Innate Abilities, Weirdness & Mutations

You have sharp toenails.


Message History

You are too injured to fight recklessly!
You are too injured to fight recklessly!
You are too injured to fight recklessly!
You are too injured to fight recklessly!
You are too injured to fight recklessly!
You are too injured to fight recklessly!
You hit Terence.
Terence is lightly wounded.
Terence zaps a wand.
The puff of flame hits you!
You hit Terence. You claw Terence, but do no damage.
Terence is moderately wounded.
Terence zaps a wand.
The puff of flame hits you!
* * * LOW HITPOINT WARNING * * *
You hit Terence.
Terence is moderately wounded.
Terence zaps a wand.
The puff of flame hits you!
You sock Terence! You claw Terence, but do no damage.
Terence is severely wounded.
Terence zaps a wand.
The puff of flame hits you!
You die...

..........##.#......
.....†.................#
...#........##.........#
##.#........##......)..#
##.....................
.....................#
.####............?...#
....#.####.......@.).#
................@....##
..#......#.............#
#..#.###<..............#
##...# ###......!......#
##### #.^...[....####
#..........#
############


You could see Terence.

Vanquished Creatures
  A worm (D:2)
  A dart slug (D:2)
  3 leopard geckos (D:1)
  4 bats
  2 giant cockroaches (D:1)
  6 hobgoblins
  3 frilled lizards
  A goblin (D:1)
  3 kobolds (D:1)
  5 rats
29 creatures vanquished.

Vanquished Creatures (others)
  4 toadstools (D:1)
4 creatures vanquished.

Grand Total: 33 creatures vanquished

Notes
Turn   | Place    | Note
-------+----------+-------------------------------------------
     0 | D:1      | Freyura the Demonspawn Gladiator began the quest for the
                  | Orb.
     0 | D:1      | Reached XP level 1. HP: 16/16 MP: 1/1
    63 | D:1      | Gained mutation: You have sharp toenails. [demonic
                  | ancestry]
    63 | D:1      | Reached XP level 2. HP: 12/22 MP: 2/2
   804 | D:2      | Reached XP level 3. HP: 21/28 MP: 3/3
   977 | D:2      | Reached skill level 1 in Armour
   988 | D:2      | Noticed Terence
   999 | D:2      | Killed from afar by Terence

Skill      XL: |  1  2  3 |
---------------+----------+-----
Staves         | 3 |  3.2
Dodging        | 3 |  3.0
Armour         | 1 |  1.0
Fighting       | |  2.3
Throwing       | |  1.7

Action                   || total
-------------------------++-------
Melee: Quarterstaff      ||    78
       Kick              ||    16
Armor: Leather armour    ||    28
Dodge: Dodged            ||    62
